 Dungeon Crawl Stone Soup version 0.26-a0-40-gfe7b5d5a6f (webtiles) character file.

Game seed: 13072129346753480138, levelgen mode: deterministic

207953 Baz the Thaumaturge (level 18, -52/140 HPs)
             Began as a Mummy Air Elementalist on May 30, 2020.
             Was an Initiate of Gozag.
             Killed from afar by Margery (75 damage)
             ... with a bolt of fire
             ... on level 2 of the Vaults on May 31, 2020.
             The game lasted 03:46:11 (92918 turns).

Baz the Thaumaturge (Mummy Air Elementalist)       Turns: 92918, Time: 03:46:11

Health: -52/140    AC: 11    Str: 17    XL:     18   Next: 11%
Magic:  24/36      EV: 13    Int: 32    God:    Gozag
Gold:   4222       SH: 13    Dex: 12    Spells: 3/46 levels left

rFire    . . .     SeeInvis .   K - +2 morningstar of Forgiveness {freeze, *Rage +Rage MR+ Int+6}
rCold    + . .     Gourm    .   U - +2 buckler
rNeg     + + +     Faith    .   O - +0 ring mail {MR+}
rPois    ∞         Spirit   .   T - +1 hat
rElec    .         Reflect  +   l - +0 cloak
rCorr    .         Harm     .   z - +1 pair of gloves {Str+3}
MR       ++++.                  (no boots)
Stlth    +.........             r - amulet of reflection
HPRegen  0.33/turn              t - +6 ring of intelligence
MPRegen  0.25/turn              I - ring of protection from fire

@: no status effects
A: no food or potions, fire vulnerability, cold resistance 1, negative energy
resistance 3, torment resistance, unbreathing, in touch with death 1
}: 1/15 runes: decaying
a: Potion Petition, Call Merchant, Bribe Branch, Renounce Religion


You were on level 2 of the Vaults.
You worshipped Gozag.
Gozag was most pleased with you.
You were not hungry.

You visited 7 branches of the dungeon, and saw 33 of its levels.
You also visited: Ice Cave.

You collected 13920 gold pieces.
You spent 3243 gold pieces at shops.
You paid 6455 gold pieces to Gozag.

Inventory:

Hand Weapons
 o - the +0 flail of Giyti {vorpal, rElec rPois Str-2 Int+2}
   (You bought it in a shop on level 9 of the Dungeon)

   It inflicts extra damage upon your enemies.
   It affects your strength (-2).
   It affects your intelligence (+2).
   It insulates you from electricity.
   It protects you from poison.
 K - the +2 morningstar of Forgiveness (weapon) {freeze, *Rage +Rage MR+ Int+6}
   (You bought it in a shop on level 9 of the Dungeon)

   It has been specially enchanted to freeze those struck by it, causing extra
   injury to most foes and up to half again as much damage against particularly
   susceptible opponents.
   It can also slow down cold-blooded creatures.
   It affects your intelligence (+6).
   It affects your resistance to hostile enchantments.
   It lets you go berserk.
   It may make you go berserk in combat.
 V - a +6 vampiric demon whip
Missiles
 c - 25 javelins (quivered)
Armour
 b - the +4 Cigotuvi's embrace {rRot *Drain rN+}
   (You bought it in a shop on level 9 of the Dungeon)

   It protects you from negative energy.
   It causes draining when unequipped.
 l - a +0 cloak (worn)
 z - a +1 pair of gloves of strength (worn)
 H - a +0 kite shield
 M - a +2 robe of cold resistance
 O - a +0 ring mail of magic resistance (worn)
 T - a +1 hat (worn)
 U - a +2 buckler (worn)
Magical Staves
 i - an uncursed staff of summoning
 R - an uncursed staff of fire
Jewellery
 a - an uncursed ring of fire
 e - a +6 ring of dexterity
 g - a +4 ring of evasion
 r - an amulet of reflection (around neck)
 t - a +6 ring of intelligence (left hand)
 B - a +6 ring of intelligence
 D - an uncursed ring of resist corrosion
 I - a ring of protection from fire (right hand)
 N - the amulet "Ytysk" {RegenMP rElec rPois Dex-4}
   (You acquired it on level 1 of the Orcish Mines)

   [amulet of magic regeneration]

   It increases your magic regeneration.
   It affects your dexterity (-4).
   It insulates you from electricity.
   It protects you from poison.
 S - a +6 ring of strength
Wands
 m - a wand of random effects (59)
 n - a wand of clouds (3)
 s - a wand of enslavement (10)
 v - a wand of paralysis (20)
 x - a wand of flame (26)
 A - a wand of polymorph (24)
 C - a wand of acid (6)
 J - a wand of disintegration (12)
 X - a wand of iceblast (23)
Scrolls
 d - 5 scrolls of blinking
 f - 6 scrolls of magic mapping
 h - 5 scrolls of fog
 j - 5 scrolls of immolation
 k - a scroll of brand weapon
 q - 8 scrolls of teleportation
 u - 14 scrolls of remove curse
 w - 5 scrolls of enchant weapon
 y - 3 scrolls of enchant armour
 F - 7 scrolls of amnesia
 G - a scroll of silence
 P - a scroll of identify
 Q - 3 scrolls of fear
 Y - a scroll of vulnerability
Miscellaneous
 p - a phial of floods
 E - a phantom mirror


   Skills:
 + Level 12.2 Fighting
 - Level 9.0 Armour
 - Level 6.0 Dodging
 - Level 1.5 Stealth
 * Level 11.3 Shields
 - Level 14.5 Spellcasting
 - Level 5.7 Conjurations
 - Level 5.5 Hexes
 + Level 12.6 Summonings
 + Level 4.1 Translocations
 - Level 6.7 Fire Magic
 - Level 10.0 Air Magic


You had 3 spell levels left.
You knew the following spells:

 Your Spells              Type           Power        Failure   Level  Hunger
a - Shock                 Conj/Air       ####         1%          1    N/A
b - Swiftness             Chrm/Air       ######..     1%          2    N/A
c - Static Discharge      Conj/Air       ######..     1%          3    N/A
d - Airstrike             Air            ######....   1%          4    N/A
e - Summon Butterflies    Summ           #######.     1%          1    N/A
f - Lightning Bolt        Conj/Air       ######....   3%          5    N/A
g - Call Canine Familiar  Summ           #######.     1%          3    N/A
h - Summon Mana Viper     Hex/Summ       ######..     1%          5    N/A
i - Silence               Hex/Air        ######....   3%          5    N/A
j - Blink                 Tloc           N/A          1%          2    N/A
k - Summon Hydra          Summ           #######...   16%         7    N/A
l - Fireball              Conj/Fire      ######....   7%          5    N/A

Your spell library contained the following spells:

 Spells                   Type           Power        Failure   Level  Hunger
 Corona                   Hex            ######.      1%          1    N/A
 Magic Dart               Conj           ####         1%          1    N/A
 Ensorcelled Hibernation  Hex/Ice        #####.       1%          2    N/A
 Searing Ray              Conj           ######       1%          2    N/A
 Shroud of Golubria       Chrm/Tloc      #####.       1%          2    N/A
 Confusing Touch          Hex            ######..     1%          3    N/A
 Dazzling Flash           Conj/Hex       ######       1%          3    N/A
 Gell's Gravitas          Tloc           #####.....   1%          3    N/A
 Lesser Beckoning         Tloc           #####.....   1%          3    N/A
 Teleport Other           Tloc           #####...     1%          3    N/A
 Tukima's Dance           Hex            ######..     1%          3    N/A
 Infusion                 Chrm           ###.         3%          1    N/A
 Ignite Poison            Fire/Tmut/Pois #####...     3%          3    N/A
 Spectral Weapon          Hex/Chrm       #####...     3%          3    N/A
 Song of Slaying          Chrm           ###.....     4%          2    N/A
 Ozocubu's Armour         Chrm/Ice       ###.....     10%         3    N/A
 Summon Ice Beast         Ice/Summ       ######..     2%          4    N/A
 Cause Fear               Hex            ######....   3%          4    N/A
 Fulminant Prism          Conj/Hex       ######....   3%          4    N/A
 Iskenderun's Mystic Bla  Conj/Tloc      ######..     4%          4    N/A
 Passage of Golubria      Tloc           N/A          5%          4    N/A
 Irradiate                Conj/Tmut      #####.....   26%         5    N/A
 Yara's Violent Unravell  Hex/Tmut       #####.....   28%         5    N/A
 Petrify                  Tmut/Erth      ###.....     30%         4    N/A
 Starburst                Conj/Fire      ######....   36%         6    N/A
 Alistair's Intoxication  Tmut/Pois      ###.....     65%         5    N/A
 Haunt                    Necr/Summ      #######...   89%         7    N/A
 Eringya's Noxious Bog    Tmut/Pois      ###.......   99%         6    N/A
 Ring of Flames           Chrm/Fire      #####.....   100%        7    N/A
 Discord                  Hex            ######....   100%        8    N/A
 Ignition                 Fire           ######....   100%        8    N/A
 Infestation              Necr           ####......   100%        8    N/A
 Sublimation of Blood     Necr           Unusable     N/A         2    N/A
 Borgnjor's Revivificati  Necr           Unusable     N/A         8    N/A
 Death's Door             Chrm/Necr      Unusable     N/A         8    N/A
 Necromutation            Tmut/Necr      Unusable     N/A         8    N/A

Dungeon Overview and Level Annotations

Branches:
Dungeon (15/15)            Temple (0/1) D:4            Lair (6/6) D:8
  Swamp (4/4) Lair:3       Spider (1/4) Lair:3        Slime (0/5) Lair:5
    Orc (2/2) D:9             Elf (3/3) Orc:2        Vaults (2/5) D:14
 Depths (0/5) D:15          IceCv (visited)
  Crypt: Vaults:2-3

Altars:
Dithmenos
Gozag
Hepliaklqana
Nemelex Xobeh
Okawaru
Qazlal
Ru
Sif Muna
Trog
Vehumet
Xom
Zin

Shops:
D:4 =   D:9 [(::   Orc:2 (?*:[   Vaults:1 }

Portals:
Trove: D:13 (show abyssal rune of Zot)

Annotations:
D:8 Pothriph's ghost, journeyman MiFi
D:12 Nessos
Elf:2 3 runed translucent doors
Vaults:2 Donald; Margery


Innate Abilities, Weirdness & Mutations

You do not eat or drink.
Your flesh is vulnerable to fire.
You are immune to poison.
Your flesh is cold resistant. (rC+)
You are immune to negative energy. (rN+++)
You are immune to unholy pain and torment.
You can survive without breathing.
You are in touch with the powers of death.


Message History

Casting: Call Canine Familiar (safe; 1% risk of failure)
Confirm with . or Enter, or press ? or * to list all spells.
You don't know that spell.
Margery gestures at you while chanting.
The fireball explodes!
The fireball engulfs you!!!
Ouch! That really hurt!
The fireball engulfs your mana viper!!!
Your mana viper dies!
Your mana viper closely misses Margery.
Margery casts a spell at you.
The bolt of fire hits your mana viper!!!
Your mana viper dies!
The bolt of fire hits you!!!
* * * LOW HITPOINT WARNING * * *
Unknown command.
Margery casts a spell at you. The bolt of fire hits you!!!!
Ouch! That really hurt!
You die...
Your body crumbles into a pile of gold.

#......#.###.##.##.###S##''###'
#
#......#...[###.###....##..###.
#
#########...##...##...###..'.'.
# ##..#..#..#..## ##'#'#. #
##...###...## #.'.## #
###'####### ##'##.' ########
#......# #...#'# #......#
#......# #...'.+ #....^.#
#.@....# #...### #......#
#.....h######'#####
#####......#
#.....@'...........
....#......#
#......#...........
....#......#
########...........
....#......# #...........
....'......# #)..).......
....'......# #..)))......
....#......# #...).......


You could see Margery and a friendly warg (summoned).

Vanquished Creatures
  2 thorn hunters
  Gastronok (Lair:1)
  2 azure jellies (Lair:6)
  A fire giant (D:15)
  3 vault wardens
  An ironheart preserver (Vaults:1)
  A deep elf demonologist (Elf:2)
  2 deep elf annihilators
  Josephine (Lair:4)
  5 fire dragons
  An ogre mage (D:15)
  A great orb of eyes (Lair:6)
  5 nameless horrors
  A rakshasa (D:15)
  A ghost crab (Swamp:4)
  Harold (D:7)
  An ice dragon (Vaults:2)
  Fannar (D:11)
  3 two-headed ogres
  3 shambling mangroves
  3 centaur warriors
  A death knight (D:13)
  16 hydras
  A deep troll shaman (Vaults:1)
  6 alligators
  3 death yaks (Lair:4)
  2 orc high priests (Orc:2)
  4 deep elf knights
  Urug (D:14)
  A fire crab (Swamp:4)
  Nergalle (D:11)
  A hell knight (Vaults:2)
  A sea snake (Lair:6)
  A glowing orange brain (Vaults:2)
  A wizard (D:14)
  7 deep elf archers
  6 swamp dragons
  A spriggan druid (Swamp:3)
  A wolf spider zombie (D:14)
  An unseen horror (D:14)
  2 ironbrand convokers (Vaults:1)
  A lindwurm (Swamp:4)
  3 wolf spiders
  2 harpies (Lair:6)
  A necromancer (IceCv)
  3 orc knights
  21 deep elf magi
  An orb spider (shapeshifter) (D:13)
  3 orb spiders (Spider:1)
  4 ugly things
  7 orc sorcerers
  3 manticores
  A moth of wrath (D:7)
  A black mamba (shapeshifter) (D:13)
  4 black mambas
  A molten gargoyle (Swamp:4)
  8 spiny frogs
  5 centaur skeletons
  2 ice statues (IceCv)
  Joseph (Lair:1)
  4 rime drakes (Lair:6)
  6 komodo dragons
  A tengu conjurer (D:13)
  11 ice devils (IceCv)
  4 freezing wraiths
  2 yaktaurs (Vaults:2)
  6 trolls
  A meliai (shapeshifter) (Vaults:2)
  2 polar bears (Lair:6)
  2 queen bees
  8 jumping spiders
  9 slime creatures
  10 blink frogs
  6 tyrant leeches
  7 bog bodies
  18 hornets
  11 hippogriffs
  A meliai zombie (D:15)
  A dream sheep (shapeshifter) (D:13)
  A water elemental (Elf:2)
  7 redbacks (Lair:3)
  3 spriggans (Swamp:2)
  2 vampires
  2 air elementals
  6 wyverns
  A basilisk (Lair:1)
  31 yaks
  6 wraiths
  A fire elemental (Elf:2)
  4 hogs
  Grum (D:11)
  2 hungry ghosts
  A steam dragon (D:11)
  A golden eye (shapeshifter) (Vaults:2)
  18 vampire mosquitoes
  17 swamp worms
  A soldier ant (D:11)
  7 wargs
  Edmund (D:4)
  24 insubstantial wisps
  2 acid dragons
  3 porcupines
  11 water moccasins
  A floating eye (shapeshifter) (D:14)
  39 orc warriors
  A spectral troll (D:9)
  3 ice beasts
  2 sky beasts
  5 swamp drakes
  11 ogres
  2 phantoms
  2 black bears
  4 boggarts (Vaults:1)
  10 wolves
  2 eyes of draining
  14 centaurs
  14 crocodiles
  Blork the orc (D:6)
  3 big kobolds
  16 bullfrogs
  2 gnoll sergeants
  A human simulacrum (Vaults:1)
  A water moccasin zombie (D:10)
  2 scorpions
  49 killer bees
  3 howler monkeys (D:10)
  6 electric eels (D:7)
  A lava snake (Swamp:4)
  7 crimson imps
  5 bullfrog zombies
  3 draconian simulacra (IceCv)
  4 hounds
  21 orc priests
  9 jellies
  29 orc wizards
  An iguana (D:9)
  Ijyb (D:3)
  12 worker ants
  2 troll simulacra (IceCv)
  A spriggan simulacrum (IceCv)
  A hound zombie (D:9)
  2 howler monkey zombies
  15 gnolls
  13 adders
  3 naga simulacra (IceCv)
  An ogre simulacrum (IceCv)
  5 shadow imps
  9 oozes
  2 adder skeletons
  An adder zombie (D:9)
  2 dart slugs
  9 leopard geckos
  108 orcs
  4 ball pythons
  2 giant cockroaches
  10 hobgoblins
  3 jackals
  7 quokkas
  5 bats
  4 frilled lizards
  4 goblins
  12 kobolds
  A leopard gecko skeleton (D:7)
  12 rats
958 creatures vanquished.

Vanquished Creatures (collateral kills)
  Saint Roka (Vaults:2)
  Rupert (Lair:6)
  A deep elf blademaster (Elf:3)
  An acid blob (Lair:6)
  A thorn hunter (Swamp:4)
  Kirke (D:13)
  Louise (D:14)
  An orc warlord (Orc:2)
  2 vault wardens
  5 ironheart preservers
  2 deep elf annihilators
  3 death oozes (Lair:6)
  A deep elf death mage (Vaults:1)
  4 ogre magi (Vaults:1)
  2 hydras (Swamp:4)
  A vault guard (D:13)
  A merfolk avatar (Lair:6)
  2 centaur warriors
  4 shambling mangroves
  A deep troll shaman (Vaults:1)
  12 two-headed ogres
  A death knight (D:9)
  6 alligators
  10 deep elf knights
  3 hell knights (Vaults:2)
  2 deep trolls (Vaults:1)
  An unseen horror (shapeshifter) (D:14)
  6 ironbrand convokers
  A shadow wraith (Vaults:2)
  6 deep elf archers
  10 orc knights
  A necromancer (Vaults:2)
  An orc sorcerer (Elf:1)
  5 wolf spiders
  5 ugly things
  24 deep elf magi
  7 elephants (Lair:6)
  4 cyclopes
  2 black mambas
  6 vault sentinels
  3 spiny frogs
  A rime drake (Lair:6)
  8 yaktaurs (Vaults:2)
  A freezing wraith (D:13)
  2 komodo dragons (Lair:6)
  A polar bear (Lair:6)
  4 jumping spiders
  6 hornets
  3 trolls
  4 tyrant leeches
  18 slime creatures
  11 blink frogs
  A hippogriff (Lair:6)
  A dream sheep (shapeshifter) (Vaults:1)
  A blink frog (shapeshifter) (Vaults:1)
  3 redbacks
  A fire elemental (Elf:1)
  A tarantella (Spider:1)
  4 yaks
  A nameless horror (D:13)
  2 wraiths
  A basilisk (Lair:6)
  2 wargs (Vaults:1)
  An insubstantial wisp (Swamp:4)
  The ghost of kelmiir the Magician, an amateur DEEE (D:4)
  A spectral troll (Orc:1)
  A swamp drake (Swamp:1)
  14 orc warriors
  A boggart (Vaults:1)
  4 wolves
  13 ogres
  A crocodile (Lair:6)
  A gnoll sergeant (Orc:2)
  A bullfrog (D:15)
  3 earth elementals
  A glowing shapeshifter simulacrum (Vaults:1)
  4 wights (D:15)
  5 orc priests
  4 jellies
  A centaur skeleton (D:4)
  3 orc wizards
  2 spectral orcs (Orc:1)
  2 gnolls (Orc:1)
  2 orc simulacra (Orc:1)
  An adder zombie (D:4)
  17 orcs
  A fungus (Lair:6)
  2 plants
316 creatures vanquished.

Vanquished Creatures (others)
  A hydra (Swamp:4)
  10 dancing weapons
  3 swamp dragons (Swamp:4)
  A lindwurm (Swamp:4)
  2 deep elf magi (Elf:1)
  3 humans (D:13)
  3 vampire mosquitoes (Swamp:4)
  5 steam dragons (Swamp:4)
  7 swamp drakes (Swamp:4)
  An orc priest (D:13)
  An orc (D:7)
  A bush (Lair:6)
  44 fungi
  33 plants
115 creatures vanquished.

Grand Total: 1389 creatures vanquished

Notes
Turn   | Place    | Note
-------+----------+-------------------------------------------
     0 | D:1      | Baz the Mummy Air Elementalist began the quest for the Orb.
     0 | D:1      | Reached XP level 1. HP: 13/13 MP: 4/4
   407 | D:1      | Reached skill level 1 in Conjurations
   489 | D:1      | Reached XP level 2. HP: 14/20 MP: 2/5
   934 | D:1      | Reached skill level 3 in Spellcasting
  1526 | D:2      | Found a faded altar of an unknown god.
  1643 | D:2      | Reached skill level 1 in Fighting
  1643 | D:2      | Reached XP level 3. HP: 23/26 MP: 0/7
  1710 | D:2      | Learned a level 3 spell: Static Discharge
  1798 | D:2      | Found an opulent altar of Gozag.
  1813 | D:2      | Became a worshipper of Gozag Ym Sagoz the Greedy
  2347 | D:3      | Noticed an angel
  2348 | D:3      | Found a glowing silver altar of Zin.
  2348 | D:3      | Found a shimmering altar of Xom.
  2483 | D:3      | Reached XP level 4. HP: 32/32 MP: 0/9
  2563 | D:3      | Learned a level 2 spell: Swiftness
  3099 | D:3      | Noticed Ijyb
  3122 | D:3      | Killed Ijyb
  3122 | D:3      | Reached skill level 1 in Shields
  3234 | D:3      | Found a sparkling altar of Nemelex Xobeh.
  3341 | D:4      | Found a staircase to the Ecumenical Temple.
  3379 | D:4      | Reached XP level 5. HP: 29/37 MP: 2/10
  4198 | D:4      | Noticed Edmund
  4314 | D:4      | Reached skill level 4 in Spellcasting
  4625 | D:4      | Learned a level 4 spell: Airstrike
  4627 | D:4      | Learned a level 1 spell: Summon Butterflies
  4628 | D:4      | Found a runed translucent gate.
  4628 | D:4      | Found a runed translucent gate.
  4628 | D:4      | Found a runed translucent gate.
  4633 | D:4      | Noticed kelmiir's ghost (amateur DEEE)
  4637 | D:4      | Noticed a phantom
  4782 | D:5      | Entered Level 5 of the Dungeon
  4906 | D:5      | Reached XP level 6. HP: 32/43 MP: 7/12
  5378 | D:5      | Found a shimmering blue altar of Sif Muna.
  5795 | D:5      | Noticed an orc warrior
  5829 | D:5      | Killed an orc warrior
  5829 | D:5      | Reached XP level 7. HP: 48/48 MP: 6/14
  6391 | D:4      | Found Ymithini's Jewellery Emporium.
  6621 | D:5      | Reached skill level 5 in Spellcasting
  6621 | D:5      | Reached skill level 5 in Air Magic
  6969 | D:6      | Noticed Blork the orc
  6974 | D:6      | Killed Blork the orc
  7166 | D:6      | Reached XP level 8. HP: 54/54 MP: 16/16
  7394 | D:7      | Noticed Harold
  7833 | D:8      | Reached skill level 6 in Spellcasting
  8212 | D:8      | Found a staircase to the Lair.
  8499 | D:8      | Found a shadowy altar of Dithmenos.
  8500 | D:8      | Noticed a hippogriff
  8506 | D:8      | Killed a hippogriff
  8506 | D:8      | Reached XP level 9. HP: 59/59 MP: 9/19
  8624 | D:8      | Learned a level 5 spell: Lightning Bolt
  8714 | D:8      | Noticed a queen bee
  9006 | D:8      | Reached skill level 7 in Spellcasting
  9289 | D:8      | Reached skill level 1 in Summonings
  9367 | D:8      | Noticed a two-headed ogre
  9471 | D:8      | Killed a two-headed ogre
  9471 | D:8      | Reached skill level 8 in Spellcasting
  9739 | D:8      | Reached skill level 5 in Conjurations
 10484 | D:8      | Killed a queen bee
 10484 | D:8      | Reached skill level 9 in Spellcasting
 10484 | D:8      | Reached XP level 10. HP: 70/70 MP: 12/23
 10542 | D:8      | Found an iron altar of Okawaru.
 10889 | D:9      | Noticed a two-headed ogre
 10968 | D:9      | Found a hazy altar of Hepliaklqana.
 10997 | D:9      | Found a staircase to the Orcish Mines.
 11214 | D:9      | Found a sacrificial altar of Ru.
 11352 | D:9      | Learned a level 3 spell: Call Canine Familiar
 11993 | D:9      | Noticed a death knight
 12088 | Lair:1   | Entered Level 1 of the Lair of Beasts
 12089 | Lair:1   | Noticed a four-headed hydra
 12096 | Lair:1   | Killed a four-headed hydra
 12096 | Lair:1   | Reached skill level 10 in Spellcasting
 13097 | Lair:1   | Noticed Joseph
 13097 | Lair:1   | Noticed a black mamba
 13100 | Lair:1   | Killed a black mamba
 13105 | Lair:1   | Killed Joseph
 13543 | Lair:1   | Noticed Gastronok
 14042 | Lair:1   | Killed Gastronok
 14042 | Lair:1   | Reached skill level 5 in Fighting
 14042 | Lair:1   | Reached XP level 11. HP: 67/80 MP: 1/25
 15264 | Lair:2   | Noticed a five-headed hydra
 15294 | Lair:2   | Killed a five-headed hydra
 15876 | Lair:2   | Reached skill level 11 in Spellcasting
 16718 | Lair:2   | Reached skill level 5 in Summonings
 17424 | Lair:3   | Found a hole to the Spider Nest.
 17925 | Lair:3   | Found a staircase to the Swamp.
 18761 | Lair:3   | Reached XP level 12. HP: 70/89 MP: 22/27
 20262 | Lair:4   | Noticed Josephine
 20273 | Lair:4   | Reached skill level 12 in Spellcasting
 20369 | Lair:4   | Killed Josephine
 20369 | Lair:4   | Reached skill level 5 in Dodging
 21518 | Lair:5   | Noticed a death yak
 21778 | Lair:4   | Killed a death yak
 22006 | Lair:5   | Noticed a death yak
 22009 | Lair:5   | Noticed a death yak
 22520 | Lair:4   | Killed a death yak
 22687 | Lair:4   | Killed a death yak
 23359 | Lair:5   | Found a staircase to the Slime Pits.
 23565 | Lair:5   | Found a stormy altar of Qazlal.
 23729 | Lair:6   | Entered Level 6 of the Lair of Beasts
 23823 | Lair:6   | Noticed Rupert
 24073 | D:10     | Entered Level 10 of the Dungeon
 25503 | D:10     | Identified the +2 bardiche "Masmauma" {flame, rPois Dex+10
                  | Stlth-}
 26179 | D:10     | Gained mutation: You are in touch with the powers of death.
                  | [Mummy growth]
 26179 | D:10     | Reached XP level 13. HP: 94/99 MP: 9/29
 26993 | D:11     | Learned a level 5 spell: Summon Mana Viper
 27558 | D:11     | Noticed Fannar
 27663 | D:11     | Noticed Grum
 27671 | D:11     | Killed Grum
 27671 | D:11     | Reached skill level 13 in Spellcasting
 27986 | D:11     | Noticed Nergalle
 27992 | D:11     | Killed Nergalle
 27992 | D:11     | Reached skill level 1 in Hexes
 27992 | D:11     | Reached skill level 10 in Air Magic
 28363 | D:11     | Killed Fannar
 29548 | D:12     | Identified a scroll of acquirement
 29555 | D:12     | Learned a level 5 spell: Silence
 30021 | D:12     | Noticed Nessos
 30365 | D:13     | Noticed Kirke
 30494 | D:13     | Killed Kirke
 31372 | D:13     | Learned a level 2 spell: Blink
 31940 | D:13     | Reached skill level 5 in Shields
 32157 | D:13     | Found a portal to a secret trove of treasure.
 32683 | D:14     | Noticed Urug
 33677 | D:14     | Noticed Louise
 33871 | Orc:1    | Entered Level 1 of the Orcish Mines
 33887 | Orc:1    | Reached XP level 14. HP: 109/109 MP: 7/31
 34119 | Orc:1    | Found a frozen archway.
 34119 | Orc:1    | You fall into a shaft and drop 1 floor!
 34119 | Orc:2    | Entered Level 2 of the Orcish Mines
 34119 | Orc:2    | Found Plog's Book Shoppe.
 34145 | IceCv    | Entered an ice cave
 36468 | IceCv    | Reached skill level 14 in Spellcasting
 37030 | IceCv    | Reached skill level 10 in Fighting
 37922 | Orc:1    | Found a runed translucent gate.
 37922 | Orc:1    | Found a runed translucent gate.
 37922 | Orc:1    | Found a runed translucent gate.
 37930 | Orc:1    | Noticed Pothriph's ghost (journeyman MiFi)
 37944 | Orc:1    | Found a radiant altar of Vehumet.
 38074 | Orc:1    | Got the amulet "Ytysk" {RegenMP rElec rPois Dex-4}
 39444 | Orc:2    | Reached skill level 5 in Hexes
 40292 | Orc:2    | Noticed an orc warlord
 40309 | Orc:2    | Killed an orc warlord
 40469 | Orc:2    | Found Miudim's Antique Weapon Emporium.
 40509 | Orc:2    | Found a staircase to the Elven Halls.
 40961 | Orc:2    | Found Mimpereg's Magic Scroll Shoppe.
 40978 | Orc:2    | Found Susucayv's General Store.
 41261 | Orc:2    | Found Ufiahys's Antique Armour Boutique.
 41273 | Orc:2    | Bought a jewelled scale mail for 261 gold pieces
 41273 | Orc:2    | Identified the cursed +1 scale mail "Asousias" {rPois SInv}
                  | (You bought it in a shop on level 2 of the Orcish Mines)
 42654 | Swamp:1  | Entered Level 1 of the Swamp
 43095 | Swamp:1  | Learned a level 7 spell: Summon Hydra
 44297 | Swamp:1  | Reached skill level 1 in Armour
 44511 | Swamp:1  | Noticed a thorn hunter
 45612 | D:7      | Killed Harold
 45964 | D:7      | Found a bloodstained altar of Trog.
 46227 | D:4      | Found a staircase to the Ecumenical Temple.
 46263 | D:4      | Found Ymithini's Jewellery Emporium.
 46333 | D:4      | Found a runed translucent gate.
 46333 | D:4      | Found a runed translucent gate.
 46333 | D:4      | Found a runed translucent gate.
 46337 | D:4      | Killed Edmund
 46393 | D:4      | Killed kelmiir's ghost
 47192 | Elf:1    | Entered Level 1 of the Elven Halls
 50692 | Elf:1    | Reached XP level 15. HP: 117/117 MP: 19/33
 51931 | Elf:1    | Reached skill level 10 in Summonings
 52123 | Elf:1    | Identified Vehumet's Compendium of Confrontation
 52231 | Elf:1    | Learned a level 5 spell: Fireball
 52279 | Elf:1    | Paralysed by an orc sorcerer for 2 turns
 53612 | Lair:6   | Reached skill level 1 in Fire Magic
 54794 | Lair:6   | Noticed an acid blob
 54956 | Lair:6   | Killed an acid blob
 55355 | Lair:6   | Noticed an azure jelly
 55520 | Lair:6   | Killed Rupert
 56408 | Lair:6   | Got a crude robe
 56422 | Lair:6   | Identified the +1 robe of Crawling {SInv} (You found it on
                  | level 6 of the Lair of Beasts)
 57241 | Lair:6   | Noticed an azure jelly
 57274 | Lair:6   | Killed an azure jelly
 57617 | Lair:6   | Killed an azure jelly
 58082 | Lair:6   | Reached skill level 5 in Armour
 58497 | Swamp:1  | Killed a thorn hunter
 61238 | Swamp:2  | Reached XP level 16. HP: 108/125 MP: 19/34
 63251 | Swamp:3  | Noticed a thorn hunter
 63261 | Swamp:2  | HP: 1/125 [thorn hunter/volley of thorns (27)]
 63564 | Swamp:2  | Killed a thorn hunter
 67481 | Swamp:3  | Found a hazy altar of Hepliaklqana.
 68163 | Swamp:4  | Entered Level 4 of the Swamp
 69697 | Swamp:4  | Noticed a thorn hunter
 69718 | Swamp:4  | Killed a thorn hunter
 69822 | Swamp:4  | Reached skill level 5 in Fire Magic
 70769 | Swamp:4  | Got a decaying rune of Zot
 73715 | Spider:1 | Entered Level 1 of the Spider Nest
 74284 | D:14     | Killed Louise
 74581 | D:14     | Killed Urug
 75355 | D:14     | Found a gate to the Vaults.
 75504 | D:15     | Entered Level 15 of the Dungeon
 75894 | D:15     | Found a staircase to the Depths.
 77690 | D:15     | Upgraded the game from 0.26-a0-36-g11e0b32562 to
                  | 0.26-a0-40-gfe7b5d5a6f
 78343 | Lair:3   | Reached XP level 17. HP: 112/131 MP: 18/35
 80104 | Elf:1    | Reached skill level 1 in Translocations
 81629 | Elf:2    | Found a runed translucent gate.
 81629 | Elf:2    | Found a runed translucent gate.
 81629 | Elf:2    | Found a runed translucent gate.
 82162 | Elf:2    | Noticed an Ice Fiend
 82423 | Elf:3    | Entered Level 3 of the Elven Halls
 83190 | Elf:3    | Reached skill level 10 in Shields
 84114 | Elf:3    | Noticed a deep elf blademaster
 84127 | Elf:3    | Killed a deep elf blademaster
 84738 | D:9      | Bought a glimmering ring mail for 279 gold pieces
 84738 | D:9      | Bought a pair of embroidered gloves for 232 gold pieces
 84759 | D:9      | Identified the +1 ring mail of Suegohyihe {+Blink} (You
                  | bought it in a shop on level 9 of the Dungeon)
 84770 | D:9      | Bought the +4 Cigotuvi's embrace {rRot *Drain rN+} for 855
                  | gold pieces
 84770 | D:9      | Found the +4 Cigotuvi's embrace {rRot *Drain rN+}
 84826 | D:9      | Bought a crystal mace for 296 gold pieces
 84826 | D:9      | Identified the +9 mace "Rukhlaak" {antimagic, rElec Int+3}
                  | (You bought it in a shop on level 9 of the Dungeon)
 84927 | D:9      | Bought a masterwork flail for 314 gold pieces
 84927 | D:9      | Identified the cursed +0 flail of Giyti {vorpal, rElec
                  | rPois Str-2 Int+2} (You bought it in a shop on level 9 of
                  | the Dungeon)
 84935 | D:9      | Bought an ancient morningstar for 333 gold pieces
 84935 | D:9      | Identified the +2 morningstar of Forgiveness {freeze, *Rage
                  | +Rage MR+ Int+6} (You bought it in a shop on level 9 of the
                  | Dungeon)
 84938 | D:9      | Bought an encrusted scimitar for 333 gold pieces
 84938 | D:9      | Identified the +2 scimitar of Ithrif {antimagic, rC+} (You
                  | bought it in a shop on level 9 of the Dungeon)
 85183 | Vaults:1 | Entered Level 1 of the Vaults
 88061 | Vaults:1 | Found Rudiwudo's Gadget Emporium.
 88771 | Vaults:1 | Bought a wand of acid (6) for 340 gold pieces
 89976 | Vaults:2 | Noticed Saint Roka
 90026 | Vaults:2 | Killed Saint Roka
 91361 | Vaults:2 | Reached XP level 18. HP: 124/140 MP: 27/36
 92564 | Vaults:2 | Noticed Margery
 92855 | Vaults:2 | Noticed Donald
 92918 | Vaults:2 | Killed from afar by Margery

Illustrated notes

Levels and vault maps discovered:
D:1:      lightli_arrival_statuegarden, layout_basic
D:2:      layout_basic, grunt_gozag_breadcrumbs,
          chequers_ecumenical_altar_island, mrwooster_statue_mirror,
          kennysheep_another_room
D:3:      layout_loops_ring, grunt_temple_overflow_order_and_chaos_1,
          overflow_temple_1_default, first_ration, uniq_ijyb
D:4:      layout_loops_corners, minmay_temple_entry_slanted, serial_shops, shop,
          gammafunk_ghost_necromancy, uniq_edmund
D:5:      layout_cave_pools, kennysheep_mini, serial_bayou, serial_bayou_pond_c,
          serial_bayou_shore_a, serial_bayou_lagoon_a, serial_bayou_pond_d,
          minmay_misc_feat_square
D:6:      layout_rooms, uniq_blork_the_orc
D:7:      cheibrodos_two_vegetables, layout_basic, tgw_trog, uniq_harold
D:8:      layout_loops_ring, grunt_dithmenos_smoke, erik_lair_orcish_takeover,
          david_nohive_1, kennysheep_okawaru_gauntlet
D:9:      cheibrodos_ideogram_h, layout_loops_ring, kennysheep_little_box,
          nicolae_ru_path_of_blood, orc_0_dummy
D:10:     layout_roguey [special_room_orc], special_room [special_room_bee]
D:11:     layout_stronghold, serial_bayou_pond_e, uniq_fannar, uniq_nergalle,
          uniq_grum
D:12:     layout_stronghold, kennysheep_generic_room_14, uniq_nessos
D:13:     layout_roguey, enter_trove_5, grunt_ministairs_9, uniq_kirke
D:14:     layout_layer_cave, david_vaults_2, minivault_24, sword_in_stone
D:15:     grunt_enter_depths_giant_problem, layout_gridville,
          hangedman_decor_opposing, uniq_louise
Lair:1:   layout_cave_pods, grunt_megastairs_2, infiniplex_staircase_pool,
          uniq_joseph, uniq_gastronok
Lair:2:   layout_small_grid, grunt_megastairs_5
Lair:3:   layout_chaotic_city, swamp_mist, nicolae_spider_entry_tight_spaces
Lair:4:   layout_misc_corridors, chequers_serial_rivers_small_b,
          mumra_transporter_accident, infiniplex_staircase_pool_2,
          uniq_josephine
Lair:5:   layout_hall_layers, dpeg_slime_entry_corner, lemuel_centaur_altar
Lair:6:   gammafunk_lair_ancient_temple, layout_cave_pods, special_room
          [special_room_jelly], uniq_rupert
Swamp:1:  layout_basic_swamp, evilmike_swamp_ruin_house_3
Swamp:2:  layout_basic_swamp, nicolae_swamp_trees_clearing, swamp_pool3
Swamp:3:  layout_falls_marsh, evilmike_swamp_ruin_house_4, swamp_pool3,
          nicolae_swamp_godswood, st_swamp_mini
Swamp:4:  swamp_fiery, layout_basic_swamp
Spider:1: layout_spider_delve
Orc:1:    layout_diamond_mine, portal_ice_cave_entry_pillars_2, basic_altar,
          gammafunk_ghost_necromancy, uniq_urug
Orc:2:    grunt_orc_gardens, layout_caves, grunt_orc_garden, grunt_orc_garden,
          grunt_orc_garden, grunt_orc_garden, serial_shops,
          nicolae_shop_statue_plus
Elf:1:    minmay_elf_arrival_plus, layout_loops_cross, minmay_elf_annihilation
Elf:2:    layout_onion_city
Elf:3:    elf_hall, layout_rooms
Vaults:1: v_rooms_3, nicolae_vaults_rhombus_7, ontoclasm_vaults_tryst,
          ontoclasm_vaults_shuriken, ontoclasm_vaults_misaligned,
          ontoclasm_vaults_claustrophobia, nicolae_vaults_little_squares_5,
          hangedman_vaults_slice, ontoclasm_vaults_twist,
          dpeg_vaults_monster_box, vaults_room_octagon, v_misc_30, v_pattern_3,
          vaults_room_door_ring, layout_vaults_omnicross, serial_shops,
          nicolae_shop_waterfront
Vaults:2: v_misc_16, kb_rosetta, ontoclasm_vaults_fault, v_misc_15, v_misc_5,
          grunt_vaults_twisty, nicolae_vaults_little_squares_6,
          vaults_room_boxed, nicolae_vaults_stairing_the_circle, v_misc_24,
          v_misc_23, vaults_mumra_minichess, v_misc_30,
          nicolae_vaults_little_squares_6, v_alt_pattern_1,
          layout_vaults_omnibox, uniq_donald, uniq_margery, uniq_saint_roka

Skill      XL: |  1  2  3  4  5  6  7  8  9 10 11 12 13 14 15 16 17 18 |
---------------+-------------------------------------------------------+-----
Conjurations   | 1 2 3 4 5 |  5.7
Spellcasting   | 3 4 5 6 9 10 11 12 13 14 | 14.5
Fighting       | 1 3 5 6 8 9 10 11 12 | 12.2
Air Magic      | 3 4 5 6 7 8 9 10 | 10.0
Shields        | 1 2 3 4 5 7 8 9 11 | 11.3
Summonings     | 2 4 5 6 8 9 11 12 | 12.6
Dodging        | 2 4 6 |  6.0
Hexes          | 4 5 |  5.5
Armour         | 2 5 8 9 |  9.0
Fire Magic     | 3 5 6 |  6.7
Translocations | 3 4 |  4.1
Stealth        | |  1.5

Action                   |  1- 3 |  4- 6 |  7- 9 | 10-12 | 13-15 | 16-18 || total
-------------------------+-------+-------+-------+-------+-------+-------++-------
Melee: Dagger            |     4 |    13 |    75 |   212 |   199 |       ||   503
       Rapier            |       |     6 |     7 |       |     7 |       ||    20
       Staff             |       |       |       |       |    13 |    41 ||    54
       Demon whip        |       |       |       |       |       |    11 ||    11
       Morningstar       |       |       |       |       |       |    68 ||    68
 Cast: Shock             |    78 |   132 |   102 |   175 |    80 |       ||   567
       Airstrike         |       |       |    37 |   269 |   836 |   541 ||  1683
       Static Discharge  |       |       |     6 |    20 |    16 |     4 ||    46
       Swiftness         |       |       |     2 |     4 |     1 |       ||     7
       Call Canine Famil |       |       |       |    16 |    27 |    37 ||    80
       Summon Mana Viper |       |       |       |       |   142 |   299 ||   441
       Lightning Bolt    |       |       |       |       |    13 |     3 ||    16
       Summon Butterflie |       |       |       |       |     3 |       ||     3
       Blink             |       |       |       |       |     4 |     3 ||     7
       Fireball          |       |       |       |       |    15 |    20 ||    35
       Summon Hydra      |       |       |       |       |     3 |    10 ||    13
Invok: Potion Petition   |       |       |     1 |     1 |     4 |     3 ||     9
       Call Merchant     |       |       |       |       |       |     4 ||     4
Evoke: Wand              |       |     1 |     4 |     7 |     6 |     4 ||    22
  Use: Scroll            |       |     6 |     1 |     7 |    15 |    14 ||    43
 Stab: Sleeping          |       |       |     3 |     1 |     2 |       ||     6
       Invisible         |       |       |       |       |     3 |       ||     3
       Distracted        |       |       |       |       |     2 |     2 ||     4
Armor: Robe              |    17 |    18 |    17 |    56 |    51 |     2 ||   161
       Ring mail         |       |       |       |       |       |    86 ||    86
       Leather armour    |       |       |       |       |       |     5 ||     5
Dodge: Dodged            |    54 |    39 |    64 |   187 |   278 |   198 ||   820
Block: Other             |       |     8 |     3 |       |       |       ||    11
       Reflection        |       |     2 |     1 |    10 |    28 |    58 ||    99
       Buckler           |       |       |    44 |   205 |   284 |   301 ||   834

Table legend:
 A = Non-vault XP
 B = Vault XP
 C = Vault XP percentage of total XP
 D = Non-vault monster count
 E = Vault monster count
 F = Vault count percentage of total count
                 A         B        C        D         E       F
            +---------+---------+-------+---------+---------+-------
      Total |  195404 |  104479 |  34.8 |     907 |     370 |  29.0
            +---------+---------+-------+---------+---------+-------
        D:1 |      35 |       0 |   0.0 |      21 |       0 |   0.0
        D:2 |      13 |       0 |   0.0 |       7 |       0 |   0.0
        D:3 |      93 |      36 |  27.9 |      17 |       1 |   5.6
        D:4 |     317 |     309 |  49.4 |      22 |       4 |  15.4
        D:5 |     692 |       0 |   0.0 |      19 |       0 |   0.0
        D:6 |     405 |     100 |  19.8 |      13 |       1 |   7.1
        D:7 |    1027 |    1938 |  65.4 |      27 |      18 |  40.0
        D:8 |    2173 |    1733 |  44.4 |      17 |      21 |  55.3
        D:9 |     844 |    3155 |  78.9 |       9 |      22 |  71.0
       D:10 |    3196 |    2435 |  43.2 |      33 |      49 |  59.8
       D:11 |    3929 |    2076 |  34.6 |      36 |       5 |  12.2
       D:12 |    1439 |     846 |  37.0 |      20 |       5 |  20.0
       D:13 |    8523 |    3201 |  27.3 |      48 |       6 |  11.1
       D:14 |    3452 |    4693 |  57.6 |      11 |       7 |  38.9
       D:15 |    7925 |    1765 |  18.2 |      28 |       1 |   3.4
     Lair:1 |    2242 |    2445 |  52.2 |       8 |       3 |  27.3
     Lair:2 |    5586 |     385 |   6.4 |      24 |       2 |   7.7
     Lair:3 |    6119 |    2056 |  25.1 |      27 |       8 |  22.9
     Lair:4 |    4638 |    2164 |  31.8 |      20 |       6 |  23.1
     Lair:5 |    1694 |     454 |  21.1 |      11 |       4 |  26.7
     Lair:6 |    8835 |   17247 |  66.1 |      41 |      51 |  55.4
    Swamp:1 |   16046 |       0 |   0.0 |      41 |       0 |   0.0
    Swamp:2 |   12431 |       0 |   0.0 |      42 |       0 |   0.0
    Swamp:3 |   13241 |    1015 |   7.1 |      37 |       1 |   2.6
    Swamp:4 |   14503 |    9780 |  40.3 |      45 |      15 |  25.0
   Spider:1 |    5014 |       0 |   0.0 |      15 |       0 |   0.0
      Orc:1 |    2473 |     953 |  27.8 |      41 |       8 |  16.3
      Orc:2 |    3650 |    8281 |  69.4 |      59 |      24 |  28.9
      Elf:1 |   18065 |    3633 |  16.7 |      35 |      10 |  22.2
      Elf:2 |   13248 |    1772 |  11.8 |      25 |       2 |   7.4
      Elf:3 |    5466 |    1448 |  20.9 |      12 |       1 |   7.7
   Vaults:1 |   21955 |   10457 |  32.3 |      72 |      28 |  28.0
   Vaults:2 |    6135 |   14602 |  70.4 |      24 |      43 |  64.2
      IceCv |       0 |    5500 | 100.0 |       0 |      24 | 100.0
            +---------+---------+-------+---------+---------+-------
